 Dungeon Crawl Stone Soup version 0.17-a0-1954-g0dddeaa (webtiles) character file.

3951 4thArraOfDagon the Basher (level 10, -2/105 HPs)
             Began as an Ogre Hunter on Oct 4, 2015.
             Was a Priest of Cheibriados.
             Slain by a yak (7 damage)
             ... on level 10 of the Dungeon.
             The game lasted 00:19:47 (3129 turns).

4thArraOfDagon the Basher (Ogre Hunter)             Turns: 3129, Time: 00:19:47

Health: -2/105     AC:  3    Str: 27    XL:     10   Next: 21%
Magic:  0/18       EV: 12    Int: 21    God:    Cheibriados [***...]
Gold:   399        SH:  0    Dex: 21    Spells: 2 memorised, 11 levels left

rFire  . . .     SeeInvis .     l - +0 giant club
rCold  . . .     Clarity  .     p - +0 robe {rN+}
rNeg   + . .     SustAt   .     (no shield)
rPois  .         Gourm    .     (helmet restricted)
rElec  .         Spirit   +     (no cloak)
rCorr  .         Warding  .     (gloves unavailable)
rMut   .         Stasis   .     (boots unavailable)
MR     +....                    z - amulet of guardian spirit
Stlth  ++........               (no ring)
                                E - +3 ring of dexterity

@: very slightly contaminated, very slow, somewhat resistant to hostile
enchantments, unstealthy
A: unfitting armour, antennae 1, tough skin 1, subdued magic 1
a: Bend Time, Temporal Distortion, Renounce Religion


You were on level 10 of the Dungeon.
You worshipped Cheibriados.
Cheibriados was most pleased with you.
You were not hungry.

You visited 1 branch of the dungeon, and saw 11 of its levels.

You collected 399 gold pieces.

Inventory:

Hand weapons
 k - a +0 club
 l - a +0 giant club (weapon)
 r - a +0 whip of freezing
Missiles
 b - 11 poisoned needles
 q - 3 silver javelins
 y - 2 tomahawks
 J - 5 large rocks (quivered)
Armour
 p - a +0 robe of positive energy (worn)
Jewellery
 i - an uncursed amulet of resist mutation
 z - an amulet of guardian spirit (around neck)
 E - a +3 ring of dexterity (left hand)
Magical devices
 a - a wand of flame (32)
 d - a wand of fireball (8)
 C - a wand of random effects (0)
 G - a wand of fire (0)
Potions
 g - 3 potions of curing
 h - a potion of haste {unknown}
 j - 2 potions of agility {unknown}
Books
 H - a book of Transfigurations

   Spells                             Type                      Level
   a - Stoneskin                      Transmutation/Earth          2
   b - Irradiate                      Conjuration/Transmutation    5
   c - Statue Form                    Transmutation/Earth          6
   d - Hydra Form                     Transmutation                6
   e - Dragon Form                    Transmutation                7
Comestibles
 c - 4 chunks of flesh
 e - 4 bread rations
 f - 4 meat rations
 s - 3 beef jerkies
 A - 4 fruits


   Skills:
 + Level 8.3 Fighting
 * Level 10.4 Maces & Flails
 - Level 4.3 Throwing
 + Level 3.5 Dodging
 - Level 0.7 Stealth
 * Level 5.3 Spellcasting
 * Level 3.9 Transmutations
 * Level 3.8 Earth Magic
 + Level 3.4 Invocations


You had 11 spell levels left.
You knew the following spells:

 Your Spells              Type           Power        Failure   Level  Hunger
a - Statue Form           Trmt/Erth      ##.......    100%        6    #######
b - Stoneskin             Trmt/Erth      ##......     1%          2    None


Dungeon Overview and Level Annotations

Branches:
Dungeon (11/15)            Temple (0/1) D:6
   Lair: D:8-11         Orc: D:9-12

Altars:
Cheibriados
Kikubaaqudgha
Qazlal

Shops:
D:9 [


Innate Abilities, Weirdness & Mutations

You are too large for most types of armour.
You have tough skin (AC +1).
You have a pair of small antennae on your head.
Your spells are a little easier to cast, but a little less powerful.


Message History

You see here a yak skeleton.
Eat which item? (? for menu, Esc to quit)
Okay, then.
You revert to your normal fleshy form.
Your +0 robe of positive energy unmelds from your body.
You feel more protected from negative energy.
Things that are here:
an uncursed shortbow; 25 arrows You see here 3 arrows.
A komodo dragon comes into view.
Unknown command.
Unknown command.
There is a stone staircase leading up here.
You climb upwards.
A giant frog comes into view.
The giant frog croaks.
The yak barely misses you. The yak misses you. The yak gores you!
* * * LOW HITPOINT WARNING * * *
The yak gores you!
You die...

#####
##.......#########
#...).............
#!.......#########
#(.......
#....F...
#........
#Y..5....
#@Y......
########.


You could see 2 yaks, a giant frog and a shadow imp.

Vanquished Creatures
  A hill giant (D:10)
  A centaur zombie (D:10)
  A troll (D:9)
  Grinder (D:6)
  2 wraiths (D:9)
  3 yaks (D:11)
  A phantom (D:9)
  A necrophage (D:9)
  An orc warrior (D:9)
  A black bear (D:9)
  2 centaurs
  An ogre (D:9)
  2 sky beasts (D:8)
  5 giant frogs
  A water moccasin skeleton (D:6)
  A crimson imp (D:6)
  3 hounds
  4 orc wizards (D:9)
  5 jellies
  5 human zombies (D:9)
  4 orc priests (D:9)
  3 worker ants
  A centaur skeleton (D:9)
  An ogre skeleton (D:9)
  A mummy (D:9)
  4 adders
  A worm (D:6)
  2 giant geckos
  27 orcs
  A ball python (D:2)
  3 goblins
  4 jackals (D:6)
  A quokka (D:10)
  2 giant newts (D:1)
  A kobold (D:3)
  An orc skeleton (D:9)
  A quokka zombie (D:8)
  4 rats (D:2)
104 creatures vanquished.

Notes
Turn   | Place    | Note
--------------------------------------------------------------
     0 | D:1      | 4thArraOfDagon the Ogre Hunter began the quest for the Orb.
     0 | D:1      | Reached XP level 1. HP: 22/22 MP: 1/1
     3 | D:1      | Noticed an electric eel
     3 | D:1      | Noticed an electric eel
   263 | D:3      | Reached XP level 2. HP: 25/31 MP: 2/2
   400 | D:3      | Reached skill level 1 in Maces & Flails
   506 | D:4      | Reached XP level 3. HP: 29/39 MP: 3/3
   608 | D:5      | Entered Level 5 of the Dungeon
   742 | D:4      | Reached XP level 4. HP: 43/48 MP: 4/4
   839 | D:6      | Found a snail-covered altar of Cheibriados.
   849 | D:6      | Reached XP level 5. HP: 50/55 MP: 5/5
   850 | D:6      | Noticed a giant frog
   857 | D:6      | Killed a giant frog
   857 | D:6      | Reached skill level 5 in Fighting
   857 | D:6      | Reached skill level 5 in Maces & Flails
   865 | D:6      | Became a worshipper of Cheibriados the Contemplative
  1108 | D:6      | Noticed Grinder
  1119 | D:6      | Killed Grinder
  1119 | D:6      | Reached skill level 7 in Maces & Flails
  1119 | D:6      | Reached XP level 6. HP: 44/67 MP: 4/6
  1156 | D:6      | Found a staircase to the Ecumenical Temple.
  1209 | D:6      | Reached XP level 7. HP: 75/75 MP: 7/7
  1239 | D:6      | Found a stormy altar of Qazlal.
  1302 | D:6      | Noticed an orc warrior
  1541 | D:8      | Learned a level 6 spell: Statue Form
  1567 | D:8      | Reached skill level 8 in Maces & Flails
  1571 | D:8      | Gained mutation: Your spells are a little easier to cast, but a little less powerful. [mutagenic meat]
  1572 | D:8      | Gained mutation: You have a pair of small antennae on your head. [mutagenic meat]
  1602 | D:8      | Acquired Cheibriados's first power
  1653 | D:8      | Reached skill level 1 in Spellcasting
  1713 | D:8      | Reached XP level 8. HP: 51/84 MP: 9/9
  1734 | D:8      | Reached skill level 1 in Transmutations
  1734 | D:8      | Reached skill level 1 in Earth Magic
  1814 | D:9      | Reached skill level 1 in Invocations
  1844 | D:9      | Learned a level 2 spell: Stoneskin
  1913 | D:9      | :(
  2067 | D:9      | Reached skill level 9 in Maces & Flails
  2233 | D:9      | Found an ancient bone altar of Kikubaaqudgha.
  2267 | D:9      | Reached XP level 9. HP: 44/93 MP: 7/14
  2280 | D:9      | Noticed a troll
  2282 | D:9      | Killed a troll
  2284 | D:9      | :(
  2440 | D:9      | Found Weco's Armour Boutique.
  2606 | D:9      | Acquired Cheibriados's second power
  2882 | D:10     | Entered Level 10 of the Dungeon
  2963 | D:10     | Noticed a hill giant
  2969 | D:10     | Killed a hill giant
  2969 | D:10     | Reached skill level 10 in Maces & Flails
  2981 | D:10     | Noticed a centaur zombie
  2987 | D:10     | Killed a centaur zombie
  2987 | D:10     | Reached skill level 5 in Spellcasting
  2987 | D:10     | Reached XP level 10. HP: 104/104 MP: 17/17
  3129 | D:10     | HP: 5/105 [yak (10)]
  3129 | D:10     | Slain by a yak

Vault maps used:
D:1:      arrival_aquarium_b
D:2:      lemuel_round_altar, first_bread, ecumenical_altar_2, st_stairs_6,
          minmay_misc_feat_four_crosses
D:3:      nicolae_overflow_hidden_temple
D:4:      kennysheep_generic_room_7
D:6:      slow_altar_1, grunt_qazlal_clouds, lemuel_coloured_pillars_altar,
          eino_small_chamber_without_monster, uniq_grinder, uniq_edmund
D:8:      minitemple
D:9:      lemuel_mausoleum_altar_kikubaaqudgha, serial_shops,
          kennysheep_mini_moat
D:10:     dpeg_oklobed_lair, uniq_erica, uniq_psyche
D:11:     serial_shops, kennysheep_mini, blue_anna_alchemist, uniq_erolcha

Action                   |  1- 3 |  4- 6 |  7- 9 | 10-12 || total
-------------------------+-------+-------+-------+-------++-------
Melee: Short sword       |    15 |       |       |       ||    15
       Club              |    23 |       |       |       ||    23
       Whip              |     5 |       |   186 |    16 ||   207
       Giant club        |       |       |    80 |     6 ||    86
Throw: Large rock        |    16 |    21 |    32 |     2 ||    71
       Throwing net      |     4 |     6 |     3 |       ||    13
       Javelin           |     1 |     7 |    29 |       ||    37
       Tomahawk          |       |       |     4 |       ||     4
 Cast: Statue Form       |       |       |       |     1 ||     1
Invok: Bend Time         |       |       |     2 |     1 ||     3
Evoke: Wand              |       |       |     6 |       ||     6
  Use: Scroll            |       |       |    12 |     2 ||    14
       Potion            |       |       |       |     6 ||     6
 Stab: Sleeping          |     2 |       |     2 |       ||     4
       Distracted        |       |       |     1 |       ||     1
  Eat: Chunk             |       |     1 |     6 |       ||     7
       Fruit             |       |       |     2 |       ||     2
